 Dungeon Crawl Stone Soup version 0.18-a0-1788-g92de1ac (webtiles) character file.

94 namelastname112 the Ruffian (level 4, 0/35 HPs)
             Began as a Draconian Transmuter on Apr 19, 2016.
             Slain by a phantom (5 damage)
             ... on level 4 of the Dungeon.
             The game lasted 00:03:02 (2610 turns).

namelastname112 the Ruffian (Draconian Transmuter)  Turns: 2610, Time: 00:03:03

Health: 0/35       AC:  6    Str: 13    XL:     4   Next: 38%
Magic:  3/7        EV: 12    Int: 13    God:
Gold:   77         SH:  0    Dex: 12    Spells: 3 memorised, 1 level left

rFire  . . .     SeeInvis .       - Unarmed
rCold  . . .     Gourm    .     (armour unavailable)
rNeg   . . .     Faith    .     (no shield)
rPois  .         Spirit   .     (helmet restricted)
rElec  .         Dismiss  .     e - +0 cloak
rCorr  +         Reflect  .     (no gloves)
SustAt .         Harm     +     (no boots)
MR     .....                    r - amulet of harm
Stlth  +.........               (no ring)
                                n - ring of resist corrosion

@: not resistant to hostile enchantments, very unstealthy
A: unfitting armour, cold-blooded, AC +5
a: no special abilities


You were on level 4 of the Dungeon.
You were very hungry.

You visited 1 branch of the dungeon, and saw 4 of its levels.

You collected 77 gold pieces.

Inventory:

Missiles
 a - 50 arrows
Armour
 e - a +0 cloak (worn)
Jewellery
 n - a ring of resist corrosion (left hand)
 r - an amulet of harm (around neck)
 t - a cursed ring of fire {unknown}
Scrolls
 f - a scroll of enchant armour {unknown}
 g - 3 scrolls of remove curse {unknown}
 l - 7 scrolls of identify {unknown}
 m - 2 scrolls of magic mapping {unknown}
 p - a scroll of fear {unknown}
 q - a scroll of enchant weapon {unknown}
 s - a scroll of teleportation {unknown}
Potions
 h - 2 potions of flight {unknown}
 i - a potion of mutation {unknown}
 j - 3 potions of curing {unknown}
 k - a potion of degeneration {unknown}
Books
 b - a book of Changes

   Spells                             Type                      Level
   a - Beastly Appendage              Transmutation                1
   b - Sticks to Snakes               Transmutation                2
   c - Spider Form                    Transmutation/Poison         3
   d - Ice Form                       Ice/Transmutation            4
   e - Blade Hands                    Transmutation                5
Comestibles
 c - 2 bread rations
 d - 2 meat rations
 o - 2 slices of pizza


   Skills:
 - Level 1.1 Fighting
 - Level 1.7 Dodging
 * Level 4.7 Unarmed Combat
 - Level 2.0 Spellcasting
 + Level 3.0 Transmutations


You had one spell level left.
You knew the following spells:

 Your Spells              Type           Power        Failure   Level  Hunger
a - Beastly Appendage     Trmt           #.....       10%         1    ##.....
c - Sticks to Snakes      Trmt           #.......     12%         2    ###....
x - Spider Form           Trmt/Pois      #.........   38%         3    ####...


Dungeon Overview and Level Annotations

Branches:
Dungeon (3/15)

Altars:
Nemelex Xobeh


Innate Abilities, Weirdness & Mutations

Your plain brown scales are hard (AC +5).
Your body does not fit into most forms of armour.
You are cold-blooded and may be slowed by cold attacks.


Message History

The giant gecko barely misses you.
The giant gecko bites you but does no damage.
The giant gecko closely misses you.
Found 7 gold pieces.
The giant gecko closely misses you.
The phantom blinks!
The giant gecko bites you but does no damage.
You see here 7 gold pieces.
The phantom blinks!
The giant gecko barely misses you.
The giant gecko bites you but does no damage.
The giant gecko bites you but does no damage.
You see here 7 gold pieces.
The giant gecko misses you.
The phantom blinks!
You see here a short sword.
Casting: Spider Form
Confirm with . or Enter, or press ? or * to list all spells.
You create a snake!
You now have 50 arrows.
The phantom hits you.
You die...

####### ## #.....#
####.##.....#
......#.....#
#......?..##
#..........#######
##.#..#..#.....).?
#....##.##.S##...
##.....lW@.##
#...##.####
#...##.# #...##.#
#.....§##
#.......#
#.....#.#..#
##..#.#..###
#..#.##.#


You could see a phantom, a giant gecko and a friendly ball python.

Vanquished Creatures
  3 adders (D:3)
  A worm (D:3)
  A dart slug (D:1)
  A giant gecko (D:1)
  3 orcs (D:3)
  3 giant cockroaches
  10 goblins
  12 hobgoblins
  6 kobolds
  A quokka (D:2)
  6 bats
  3 giant newts
  3 rats (D:1)
53 creatures vanquished.

Notes
Turn   | Place    | Note
--------------------------------------------------------------
     0 | D:1      | namelastname112 the Draconian Transmuter began the quest for the Orb.
     0 | D:1      | Reached XP level 1. HP: 16/16 MP: 3/3
   191 | D:1      | Reached XP level 2. HP: 23/23 MP: 5/5
   205 | D:1      | Learned a level 2 spell: Sticks to Snakes
   379 | D:1      | Found a sparkling altar of Nemelex Xobeh.
   640 | D:1      | Reached XP level 3. HP: 27/28 MP: 6/6
   645 | D:1      | Learned a level 3 spell: Spider Form
   712 | D:1      | Reached skill level 4 in Unarmed Combat
  1679 | D:3      | Reached XP level 4. HP: 35/35 MP: 7/7
  1717 | D:3      | xeno23: просто пол моих хп за стаб
  1721 | D:3      | xeno23: этот зуб отхиливает
  1721 | D:3      | namelastname112: да
  1721 | D:3      | namelastname112: а ты думал
  1721 | D:3      | xeno23: пушка нахуй
  2551 | D:3      | You fall through a shaft!
  2552 | D:4      | Noticed a phantom
  2610 | D:4      | Slain by a phantom

Vault maps used:
D:1:      dpeg_arrival_more_subterranean_lakeside_camping,
          nemelex_xobeh_ov_fountains_minmay
D:4:      minitemple, minmay_temple_entry_from_below_a, first_bread

Skill      XL: |  1  2  3  4 |
---------------+-------------+-----
Unarmed Combat | 4 |  4.7
Transmutations | 3 |  3.0
Fighting       | |  1.1
Dodging        | |  1.7
Spellcasting   | |  2.0

Action                   |  1- 3 |  4- 6 || total
-------------------------+-------+-------++-------
Melee: Unarmed           |   156 |    62 ||   218
       Tailslap          |    16 |     4 ||    20
 Cast: Spider Form       |       |     2 ||     2
       Sticks to Snakes  |       |     1 ||     1
 Stab: Sleeping          |     3 |       ||     3
  Eat: Chunk             |     3 |     2 ||     5
Armor: Skin              |    49 |    18 ||    67
Dodge: Dodged            |   105 |    38 ||   143
